 Dungeon Crawl Stone Soup version 0.23-a0-767-gdc19b93d68 (webtiles) character file.

177 Hercules1031 the Shield-Bearer (level 5, -1/42 HPs)
             Began as a Formicid Fighter on Jan 28, 2019.
             Slain by a gnoll
             ... wielding a +0 club
              (2 damage)
             ... on level 3 of the Dungeon.
             The game lasted 00:05:00 (1897 turns).

Hercules1031 the Shield-Bearer (Formicid Fighter)   Turns: 1897, Time: 00:05:01

Health: -1/42      AC: 11    Str: 22    XL:     5   Next: 88%
Magic:  5/5        EV:  7    Int:  7    God:
Gold:   80         SH:  8    Dex: 10    Spells: 4/4 levels left

rFire    . . .     SeeInvis +   a - +1 quarterstaff
rCold    . . .     Gourm    .   i - +0 shield (curse)
rNeg     . . .     Faith    .   r - +4 scale mail {rPois}
rPois    +         Spirit   .   (helmet unavailable)
rElec    .         Reflect  .   (no cloak)
rCorr    .         Harm     .   (no gloves)
MR       +....                  m - +0 pair of boots
Stlth    ..........             (no amulet)
HPRegen  0.14/turn              o - ring of protection from magic
MPRegen  0.09/turn              (no ring)

@: very heavily drained
A: permanent stasis, dig shafts and tunnels, four strong arms, antennae 3
a: Dig, Shaft Self


You were on level 3 of the Dungeon.
You were not hungry.

You visited 1 branch of the dungeon, and saw 3 of its levels.

You collected 80 gold pieces.

Inventory:

Hand Weapons
 a - a +1 quarterstaff (weapon)
Armour
 b - a +0 scale mail
 c - a +0 shield
 i - a cursed +0 shield (worn)
 l - a +0 chain mail
 m - a +0 pair of boots (worn)
 r - a +4 scale mail of poison resistance (worn)
Jewellery
 o - a ring of protection from magic (left hand)
 p - a +2 ring of protection {unknown}
Scrolls
 g - a scroll of amnesia
 j - 2 scrolls of identify
 n - a scroll of random uselessness {unknown}
 q - a scroll of remove curse {unknown}
Potions
 d - a potion of haste {unknown}
 e - a potion of heal wounds
 h - a potion of agility
 k - 2 potions of curing
Comestibles
 f - 4 rations


   Skills:
 + Level 4.1(1.2) Fighting
 + Level 3.0(0.2) Staves
 + Level 4.1(1.2) Armour
 + Level 1.8(0.0) Dodging
 + Level 4.5(1.6) Shields


You had 4 spell levels left.
You didn't know any spells.
Your spell library was empty.

Dungeon Overview and Level Annotations

Branches:
Dungeon (3/15)

Altars:


Innate Abilities, Weirdness & Mutations

You cannot be hasted, slowed, berserked, paralysed or teleported.
You can dig through walls and to a lower floor.
Your four strong arms can wield two-handed weapons with a shield.
You have a pair of large antennae on your head. (SInv)


Message History

You block the gnoll's attack. The ooze hits you but does no damage.
The gnoll barely misses you. You block the gnoll's attack.
You hit the gnoll.
The gnoll is almost dead.
The ooze barely misses you. The gnoll misses you. You block the gnoll's attack.
The gnoll hits you from afar with a +0 halberd.
The ooze hits you but does no damage. The gnoll closely misses you.
You barely miss the gnoll.
The gnoll is almost dead.
The gnoll hits you but does no damage. You block the gnoll's attack.
The gnoll hits you but does no damage. You block the ooze's attack.
The gnoll hits you but does no damage.
You barely miss the gnoll.
The gnoll is almost dead.
The gnoll hits you from afar with a +0 halberd!
* * * LOW HITPOINT WARNING * * *
The ooze hits you but does no damage. The gnoll hits you.
* * * LOW HITPOINT WARNING * * *
The gnoll hits you with a +0 club.
You die...

..............###########.......#
..........#####............####.#
....###.#######....######### #.รท
....# #.# #..............# ##.
##### #.# #.........####.# #. #.#
#......)).# ## #.# #.........#
### #.# #.........# #.. ...
#....g@...# #.. ... #....gJ.#.#
######.. #...g...#.# #.......
#......)#.# #....... .........#.#
#....... .....######.# #.......
..... #....... ..### .........
##.......


You could see 3 gnolls and an ooze.

Vanquished Creatures
  Terence (D:3)
  6 gnolls
  2 adders
  An ooze (D:1)
  A worm (D:2)
  7 dart slugs
  A leopard gecko (D:1)
  An orc (D:3)
  2 giant cockroaches
  10 goblins
  A hobgoblin (D:3)
  2 jackals (D:2)
  A quokka (D:2)
  4 ball pythons
  4 bats
  4 frilled lizards
  8 kobolds
  6 rats
62 creatures vanquished.

Notes
Turn   | Place    | Note
-------+----------+-------------------------------------------
     0 | D:1      | Hercules1031 the Formicid Fighter began the quest for the
                  | Orb.
     0 | D:1      | Reached XP level 1. HP: 18/18 MP: 1/1
    76 | D:1      | Reached XP level 2. HP: 24/24 MP: 2/2
   260 | D:1      | Reached XP level 3. HP: 26/29 MP: 3/3
   391 | D:1      | Reached skill level 1 in Dodging
   773 | D:2      | Reached XP level 4. HP: 33/37 MP: 4/4
   973 | D:2      | Reached XP level 5. HP: 10/42 MP: 5/5
  1752 | D:3      | Noticed Terence
  1779 | D:3      | Killed Terence
  1897 | D:3      | HP: 1/42 [gnoll (6)]
  1897 | D:3      | Slain by a gnoll

Vault maps used:
D:1:      ncdulo_lavacross
D:2:      cheibrodos_gnoll_hut
D:3:      uniq_terence

Skill      XL: |  1  2  3  4  5 |
---------------+----------------+-----
Shields        | 4 |  4.5
Dodging        | 1 |  1.8
Fighting       | 4 |  4.1
Armour         | 4 |  4.1
Staves         | 3 |  3.0

Action                   |  1- 3 |  4- 6 || total
-------------------------+-------+-------++-------
Melee: Quarterstaff      |    87 |   100 ||   187
  Use: Scroll            |     5 |     1 ||     6
       Potion            |       |     3 ||     3
  Eat: Ration            |       |     2 ||     2
Armor: Scale mail        |    49 |    52 ||   101
       Skin              |       |     1 ||     1
       Chain mail        |       |    10 ||    10
Dodge: Dodged            |    28 |    42 ||    70
Block: Shield            |    46 |    63 ||   109

Table legend:
 A = Non-vault XP
 B = Vault XP
 C = Vault XP percentage of total XP
 D = Non-vault monster count
 E = Vault monster count
 F = Vault count percentage of total count
                 A         B        C        D         E       F
            +---------+---------+-------+---------+---------+-------
      Total |     200 |      54 |  21.3 |      58 |       4 |   6.5
            +---------+---------+-------+---------+---------+-------
        D:1 |      61 |       0 |   0.0 |      29 |       0 |   0.0
        D:2 |     106 |      18 |  14.5 |      25 |       3 |  10.7
        D:3 |      33 |      36 |  52.2 |       4 |       1 |  20.0
            +---------+---------+-------+---------+---------+-------
